 Dungeon Crawl Stone Soup version 0.19-a0-1025-g778f431 (webtiles) character file.

2520 4thArraOfDagon the Cleaver (level 9, -12/75 HPs)
             Began as a Minotaur Berserker on July 28, 2016.
             Was a Priest of Trog.
             Mangled by an orc knight
             ... wielding a +0 battleaxe
              (15 damage)
             ... on level 2 of the Orcish Mines.
             The game lasted 00:08:54 (1475 turns).

4thArraOfDagon the Cleaver (Minotaur Berserker)     Turns: 1475, Time: 00:08:54

Health: -12/75     AC: 15    Str: 23    XL:     9   Next: 29%
Magic:  8/8        EV:  8    Int:  5    God:    Trog [***...]
Gold:   263        SH:  0    Dex: 11    Spells: 0 memorised, 8 levels left

rFire  . . .     SeeInvis .     v - +0 war axe
rCold  . . .     Gourm    .     C - +0 plate armour
rNeg   . . .     Faith    .     (no shield)
rPois  .         Spirit   .     (helmet restricted)
rElec  .         Dismiss  .     (no cloak)
rCorr  .         Reflect  .     t - +0 pair of gloves
SustAt .         Harm     .     (no boots)
MR     ++...                    (no amulet)
Stlth  ..........               (no ring)
                                (no ring)

@: exhausted, regenerating, slowed, very slow, very resistant to hostile
enchantments, extremely unstealthy
A: retaliatory headbutt, horns 2
a: Berserk, Trog's Hand, Burn Spellbooks, Renounce Religion


You were on level 2 of the Orcish Mines.
You worshipped Trog.
Trog was most pleased with you.
You were very hungry.

You visited 2 branches of the dungeon, and saw 13 of its levels.

You collected 263 gold pieces.

Inventory:

Hand Weapons
 a - a +0 hand axe
 s - a +0 flail of holy wrath
 v - a +0 war axe (weapon)
 D - a +0 bardiche
 F - a +0 battleaxe
Missiles
 y - a throwing net (quivered)
Armour
 r - a +0 scale mail
 t - a +0 pair of gloves (worn)
 C - a +0 plate armour (worn)
Wands
 k - a wand of polymorph (17/24)
 w - a wand of slowing (40/48)
Scrolls
 d - 3 scrolls of identify
 j - 4 scrolls of remove curse
 l - a scroll of amnesia {unknown}
 q - a scroll of enchant armour {unknown}
 u - a scroll of fear {unknown}
 x - 2 scrolls of recharging
 A - a scroll of blinking {unknown}
Potions
 b - a potion of cure mutation
 e - a potion of mutation {unknown}
 f - 2 potions of lignification {unknown}
 g - 2 potions of brilliance {unknown}
 h - a potion of cancellation {unknown}
 i - a potion of invisibility {unknown}
 n - a potion of flight
 o - a potion of curing {unknown}
Books
 B - a book of Air

   Spells                             Type                      Level
   a - Shock                          Conjuration/Air              1
   b - Swiftness                      Charms/Air                   2
   c - Repel Missiles                 Charms/Air                   2
   d - Static Discharge               Conjuration/Air              3
   e - Lightning Bolt                 Conjuration/Air              5
   Trog disapproves of the use of such an item.
 E - a book of Conjurations

   Spells                             Type                      Level
   a - Magic Dart                     Conjuration                  1
   b - Searing Ray                    Conjuration                  2
   c - Dazzling Spray                 Conjuration/Hexes            3
   d - Fulminant Prism                Conjuration/Hexes            4
   e - Iskenderun's Mystic Blast      Conjuration                  4
   f - Iskenderun's Battlesphere      Conjuration/Charms           5
   Trog disapproves of the use of such an item.
Comestibles
 c - 4 bread rations
 m - 2 meat rations
 p - a royal jelly
 z - 3 chunks of flesh


   Skills:
 - Level 6.1 Fighting
 * Level 11.8 Axes
 + Level 8.7 Armour
 - Level 2.1 Dodging


You had 8 spell levels left.
You didn't know any spells.

Dungeon Overview and Level Annotations

Branches:
Dungeon (11/15)              Lair (0/6) D:10            Orc (2/2) D:10
 Temple: D:4-7          Elf: Orc:2

Altars:
Qazlal
Uskayaw
Beogh

Shops:
Orc:1 *

Annotations:
D:7 Dowan, Duvessa, Joseph


Innate Abilities, Weirdness & Mutations

You reflexively headbutt those who attack you in melee.
You have a pair of horns on your head.


Message History

Trog accepts your kill.
The orc knight hits you with a battleaxe!!
Unknown command.
You closely miss the orc knight.
The orc knight is heavily wounded.
Unknown command.
You closely miss the orc knight. You headbutt the orc knight!
The orc knight is severely wounded.
You are no longer berserk.
You are exhausted.
You feel yourself slow down.
You are feeling very hungry.
The orc knight hits you with a battleaxe!!
* * * LOW HITPOINT WARNING * * *
Unknown command.
You hit the orc knight but do no damage.
You headbutt the orc knight.
The orc knight is severely wounded.
The orc knight hits you with a battleaxe!
You die...

.....## .....##
.....###
#..<$..# ......#
.....# .
##))..##.# ...
##o@)$...##
.....#.........#
.......<....#.##
......$..#.##
##.#....####
#.......
###...## #..#
###


You could see an orc knight.

Vanquished Creatures
  Pikel (D:4)
  An orc sorcerer (Orc:2)
  An elephant (D:10)
  A hippogriff (D:9)
  Edmund (D:4)
  2 orc warriors
  An ice beast (D:9)
  2 slaves (D:4)
  2 ogres
  A centaur (D:7)
  3 giant frogs
  A gnoll sergeant (D:9)
  A centaur zombie (D:8)
  2 orc wizards (Orc:1)
  A worker ant (D:4)
  2 sheep (D:10)
  5 gnolls (D:9)
  8 adders
  2 adder skeletons
  2 giant geckos (D:2)
  17 orcs
  A giant cockroach (D:3)
  3 hobgoblins
  13 jackals
  2 quokkas
  A bat (D:2)
  A giant gecko skeleton (D:3)
  2 giant newts (D:1)
  A goblin (D:2)
  A jackal skeleton (D:9)
  6 kobolds
  3 rats
91 creatures vanquished.

Notes
Turn   | Place    | Note
-------+----------+-------------------------------------------
     0 | D:1      | 4thArraOfDagon the Minotaur Berserker began the quest for the Orb.
     0 | D:1      | Reached XP level 1. HP: 19/19 MP: 0/0
    63 | D:1      | Found a stormy altar of Qazlal.
   133 | D:1      | You fall through a shaft!
   233 | D:2      | Reached skill level 4 in Axes
   233 | D:2      | Reached XP level 2. HP: 27/27 MP: 1/1
   370 | D:2      | Reached XP level 3. HP: 28/33 MP: 2/2
   486 | D:3      | Reached ** piety under Trog
   606 | D:4      | Noticed Pikel
   606 | D:4      | Noticed a slave
   606 | D:4      | Noticed a slave
   606 | D:4      | Noticed a slave
   606 | D:4      | Noticed a slave
   616 | D:4      | Killed a slave
   619 | D:4      | Killed a slave
   620 | D:4      | Reached skill level 5 in Axes
   620 | D:4      | Reached XP level 4. HP: 17/41 MP: 3/3
   624 | D:4      | Killed Pikel
   624 | D:4      | Reached skill level 5 in Fighting
   624 | D:4      | Reached skill level 7 in Axes
   624 | D:4      | Reached skill level 5 in Armour
   624 | D:4      | Reached XP level 5. HP: 19/50 MP: 4/4
   624 | D:4      | Reached XP level 6. HP: 21/57 MP: 5/5
   624 | D:4      | Reached XP level 7. HP: 24/62 MP: 6/6
   661 | D:4      | Noticed Edmund
   677 | D:4      | Killed Edmund
   731 | D:5      | Entered Level 5 of the Dungeon
   879 | D:7      | Noticed Duvessa
   882 | D:7      | Noticed Dowan
   907 | D:8      | Reached skill level 8 in Axes
  1025 | D:7      | Noticed Joseph
  1055 | D:9      | Reached XP level 8. HP: 70/70 MP: 7/7
  1058 | D:9      | Reached skill level 9 in Axes
  1152 | D:9      | Noticed an enchanted dagger
  1152 | D:9      | Noticed a dagger
  1155 | D:9      | Found a hide-covered altar of Uskayaw.
  1224 | D:10     | Entered Level 10 of the Dungeon
  1228 | D:10     | Found a staircase to the Lair.
  1228 | D:10     | Noticed an elephant
  1237 | D:10     | Killed an elephant
  1237 | D:10     | Reached *** piety under Trog
  1237 | D:10     | Reached skill level 10 in Axes
  1269 | D:11     | Noticed a cyclops
  1309 | D:10     | Found a staircase to the Orcish Mines.
  1320 | D:10     | Reached skill level 11 in Axes
  1357 | Orc:1    | Entered Level 1 of the Orcish Mines
  1388 | Orc:1    | Noticed an orc knight
  1388 | Orc:1    | Found Radep's General Store.
  1388 | Orc:1    | Noticed an orc knight
  1392 | Orc:1    | Noticed an orc high priest
  1407 | Orc:1    | Reached XP level 9. HP: 75/75 MP: 8/8
  1444 | Orc:1    | Found a roughly hewn altar of Beogh.
  1461 | Orc:2    | Entered Level 2 of the Orcish Mines
  1461 | Orc:2    | Noticed an orc sorcerer
  1462 | Orc:2    | Noticed an orc knight
  1469 | Orc:2    | Killed an orc sorcerer
  1474 | Orc:2    | HP: 2/75 [orc knight/battleaxe (23)]
  1475 | Orc:2    | Mangled by an orc knight

Vault maps used:
D:1:      matt_arrival_diagonals, minivault_19, kennysheep_flooded_box
D:2:      first_bread, minmay_misc_feat_pillars, uniq_crazy_yiuf_cottage
D:3:      grunt_temple_overflow_open, lemuel_tele_altar
D:4:      amethyst_overflow_temple_binary, portal_sewer_entry_f,
          hangedman_decor_peaks_small, gammafunk_pakellas_spire_experiment,
          uniq_pikel, uniq_edmund
D:5:      minmay_diamond_boxcup, serial_shops, shop_fountains
D:6:      basic_altar
D:7:      uniq_joseph, uniq_duvessa
D:9:      dancing_weapons_uskayaw
D:10:     david_lair_generic, david_orc_2, grunt_pizzeria
D:11:     minmay_bent
Orc:1:    basic_altar, guppyfry_orc_lava_fort, uniq_snorg
Orc:2:    st_orc_elflike

Skill      XL: |  1  2  3  4  5  6  7  8 |
---------------+-------------------------+-----
Axes           | 4 5 7 8 11 | 11.8
Fighting       | 4 5 6 |  6.1
Armour         | 3 5 6 8 |  8.7
Dodging        | |  2.1

Action                   |  1- 3 |  4- 6 |  7- 9 || total
-------------------------+-------+-------+-------++-------
Melee: Hand axe          |    49 |     4 |    28 ||    81
       Headbutt          |    10 |     3 |    17 ||    30
       War axe           |       |       |    66 ||    66
Invok: Berserk           |     2 |       |    10 ||    12
       Trog's Hand       |     1 |       |     3 ||     4
  Use: Scroll            |       |       |     6 ||     6
  Eat: Chunk             |       |       |    14 ||    14
Armor: Animal skin       |     3 |       |     2 ||     5
       Scale mail        |       |       |    38 ||    38
       Plate armour      |       |       |    16 ||    16
Dodge: Dodged            |    43 |     1 |    62 ||   106
